 Dungeon Crawl Stone Soup version 0.20.1-1-g8b1a95d (webtiles) character file.

107 Sandy the Cutter (level 5, -2/38 HPs)
             Began as a Human Hunter on Aug 31, 2017.
             Slain by an orc wizard
             ... wielding a +0 dagger
              (4 damage)
             ... on level 4 of the Dungeon.
             The game lasted 00:08:50 (1743 turns).

Sandy the Cutter (Human Hunter)                     Turns: 1743, Time: 00:08:51

Health: -2/38      AC:  3    Str: 12    XL:     5   Next: 11%
Magic:  5/5        EV: 12    Int: 12    God:
Gold:   108        SH:  0    Dex: 14    Spells: 4/4 levels left

rFire    . . .     SeeInvis .   b - +0 short sword
rCold    . . .     Gourm    .   (no shield)
rNeg     . . .     Faith    .   c - +0 leather armour
rPois    .         Spirit   .   (no helmet)
rElec    .         Reflect  .   (no cloak)
rCorr    .         Harm     .   (no gloves)
MR       .....                  (no boots)
Stlth    +.........             (no amulet)
Regen    0.2/turn               (no ring)
MPRegen  0.1/turn               (no ring)

@: very slightly contaminated, invisible
A: no striking features
a: no special abilities


You were on level 4 of the Dungeon.
You were not hungry.

You visited 1 branch of the dungeon, and saw 5 of its levels.

You collected 108 gold pieces.

Inventory:

Hand Weapons
 a - a +1 shortbow
 b - a +0 short sword (weapon)
Missiles
 d - 10 arrows
 h - 22 bolts
 n - 2 stones (quivered)
Armour
 c - a +0 leather armour (worn)
Scrolls
 e - a scroll of teleportation {unknown}
 g - 2 scrolls of recharging {unknown}
 o - a scroll of enchant weapon {unknown}
 p - 2 scrolls of identify {unknown}
 t - 2 scrolls of remove curse {unknown}
Potions
 k - a potion of mutation {unknown}
 r - a potion of agility {unknown}
 s - a potion of brilliance {unknown}
Books
 q - a book of Changes

   Spells                             Type                      Level
   a - Beastly Appendage              Transmutation                1
   b - Sticks to Snakes               Transmutation                2
   c - Spider Form                    Transmutation/Poison         3
   d - Ice Form                       Ice/Transmutation            4
   e - Blade Hands                    Transmutation                5
Comestibles
 f - a bread ration
 i - a royal jelly
 l - a meat ration
 m - 2 chunks of flesh


   Skills:
 - Level 2.0 Fighting
 + Level 4.2 Short Blades
 - Level 4.0 Bows
 - Level 2.0 Dodging
 - Level 1.0 Stealth


You had 4 spell levels left.
You didn't know any spells.

Dungeon Overview and Level Annotations

Branches:
Dungeon (5/15)
 Temple: D:4-7

Altars:
Cheibriados
Nemelex Xobeh

Shops:
D:4 (

Annotations:
D:3 Sigmund


Message History

* * * LOW HITPOINT WARNING * * *
You hit the orc wizard but do no damage.
The orc wizard is almost dead.
The orc wizard mumbles some strange words.
The orc wizard flickers and vanishes!
Deactivating autopickup; reactivate with Ctrl-A.
You closely miss something. Something hits you.
* * * LOW HITPOINT WARNING * * *
It was a potion of invisibility.
You fade into invisibility!
Something hits you.
* * * LOW HITPOINT WARNING * * *
Something hits you.
* * * LOW HITPOINT WARNING * * *
You are very lightly contaminated with residual magic.
You hit something but do no damage. Something hits you but does no damage.
You barely miss something. Something hits you.
* * * LOW HITPOINT WARNING * * *
Something hits you.
You die...

#...#
#...#
#...#
#...#
#...#
#.###
#.#
#.#
#@#
#{#
#(oo#
#####


You could see 2 orcs.

Vanquished Creatures
  A hound (D:4)
  3 adders
  3 worms
  A dart slug (D:2)
  4 leopard geckos
  5 orcs
  A ball python (D:2)
  3 giant cockroaches (D:2)
  A goblin (D:2)
  2 hobgoblins
  3 kobolds
  A quokka (D:2)
  2 bats (D:2)
  3 frilled lizards
  2 rats (D:2)
35 creatures vanquished.

Vanquished Creatures (others)
  An ooze (D:2)
1 creature vanquished.

Grand Total: 36 creatures vanquished

Notes
Turn   | Place    | Note
-------+----------+-------------------------------------------
     0 | D:1      | Sandy the Human Hunter began the quest for the Orb.
     0 | D:1      | Reached XP level 1. HP: 16/16 MP: 1/1
    45 | D:2      | Reached skill level 1 in Short Blades
   168 | D:2      | Reached XP level 2. HP: 22/22 MP: 2/2
   365 | D:2      | Reached XP level 3. HP: 22/27 MP: 3/3
   496 | D:2      | Found a sparkling altar of Nemelex Xobeh.
   539 | D:2      | Found a snail-covered altar of Cheibriados.
   620 | D:3      | Noticed Sigmund
   991 | D:3      | Reached XP level 4. HP: 8/33 MP: 4/4
  1343 | D:4      | Found Eqaellol's Weapon Shop.
  1347 | D:5      | Entered Level 5 of the Dungeon
  1450 | D:4      | Reached XP level 5. HP: 10/38 MP: 5/5
  1743 | D:4      | Slain by an orc wizard

Skill      XL: |  1  2  3  4 |
---------------+-------------+-----
Short Blades   | 1 2 3 4 |  4.2
Fighting       | |  2.0
Bows           | |  4.0
Dodging        | |  2.0
Stealth        | |  1.0

Action                   |  1- 3 |  4- 6 || total
-------------------------+-------+-------++-------
Melee: Short sword       |   106 |    41 ||   147
 Fire: Shortbow          |    28 |    33 ||    61
  Use: Potion            |       |     1 ||     1
  Eat: Chunk             |       |     3 ||     3
Armor: Leather armour    |    29 |     6 ||    35
Dodge: Dodged            |    77 |    32 ||   109
